 Dungeon Crawl Stone Soup version 0.31.0-11-ge490571c62 (webtiles) character file.

Game seed: 6649072459281706213

46 qw the Shooter (level 3, -2/20 HPs)
             Began as a Deep Elf Hunter on Feb 4, 2024.
             Incinerated by a bombardier beetle (6 damage)
             ... with a burning spray
             ... on level 2 of the Dungeon.
             The game lasted 00:00:02 (664 turns).

qw the Shooter (Deep Elf Hunter)                     Turns: 664, Time: 00:00:02

Health: -2/20      AC:  5    Str: 14    XL:     3   Next: 44%
Magic:  5/5        EV: 11    Int: 13    God:
Gold:   54         SH:  0    Dex: 20    Spells: 2/2 levels left

rFire   . . .        a - +0 shortbow
rCold   . . .        (shield currently unavailable)
rNeg    . . .        d - +0 ring mail
rPois   .            (no helmet)
rElec   .            (no cloak)
rCorr   .            (no gloves)
SInv    .            (no boots)
Will    .....        (no amulet)
Stlth   +            h - +6 ring of strength
HPRegen 0.23/turn    (no ring)
MPRegen 0.09/turn

%: no passive effects
@: on fire, glowing
A: no striking features
a: no special abilities


You were on level 2 of the Dungeon.
You visited 1 branch of the dungeon, and saw 2 of its levels.

You collected 54 gold pieces.


   Skills:
 - Level 1.5 Fighting
 + Level 7.0 Ranged Weapons
 - Level 2.4 Dodging
 - Level 1.2 Stealth


You had 2 spell levels left.
You didn't know any spells.
Your spell library was empty.

Inventory:

Hand Weapons
 a - a +0 shortbow (weapon)
Armour
 d - a +0 ring mail (worn)
Jewellery
 c - a ring of see invisible
 h - a +6 ring of strength (left hand)
Scrolls
 e - a scroll of identify
 g - a scroll of fear {unknown}
Potions
 b - a potion of curing {unknown}
 f - 2 potions of berserk rage {unknown}

Dungeon Overview and Level Annotations

Branches:
Dungeon (2/15)

Altars:
Yredelemnul


Message History

Found a stone staircase leading down.
A bombardier beetle comes into view.
Things that are here:
a +0 club; a +0 sling; a goblin corpse You shoot an arrow.
The arrow hits the bombardier beetle but does no damage.
You shoot an arrow. The arrow hits the bombardier beetle!
The bombardier beetle is heavily wounded.
You shoot an arrow. The arrow hits the bombardier beetle.
The bombardier beetle is severely wounded.
You shoot an arrow. The arrow hits the bombardier beetle.
The bombardier beetle is severely wounded.
The bombardier beetle sprays incendiary fluid at you.
The burning spray misses you.
You shoot an arrow.
The arrow hits the bombardier beetle but does no damage.
The bombardier beetle is severely wounded.
You shoot an arrow.
The arrow barely misses the bombardier beetle.
The bombardier beetle sprays incendiary fluid at you.
The burning spray hits you.
You are covered in liquid fire!
You shoot an arrow. The arrow hits the bombardier beetle.
You kill the bombardier beetle!
The liquid fire burns you!
Your Ranged Weapons skill increases to level 7!
You have reached level 3!
Your experience leads to an increase in your attributes!
Your base attributes are Str 8, Int 13, Dex 18.
Increase (S)trength, (I)ntelligence, or (D)exterity?
You feel agile. x2
You are on fire!
The liquid fire burns you!
You are on fire!
The liquid fire burns you!
You are on fire!
The liquid fire burns you!
You are on fire!
The liquid fire burns you!
You die...

#############
##..%..##.....
##..........<..
#.............. #
#..............
...#######............_.
#.......##..............
#..!.@................
##.>..##..............
#....###.............
#%...# ##.....#......
.....## ########.#.##
..#... #.#... .#.###.
####.>... . #. >.......|
#####...


There were no monsters in sight!

Vanquished Creatures
  A bombardier beetle (D:2)
  4 endoplasms (D:1)
  4 goblins
  2 hobgoblins (D:1)
  A frilled lizard (D:1)
  A kobold (D:1)
  2 rats
15 creatures vanquished.

Notes
Turn   | Place    | Note
-------+----------+-------------------------------------------
     0 | D:1      | qw the Deep Elf Hunter began the quest for the Orb.
     0 | D:1      | Reached XP level 1. HP: 12/12 MP: 3/3
     0 | D:1      | 0 ||| qw: Version: 0.3-a-160-g6735b56
     0 | D:1      | 0 ||| qw: Game counter: 4581
     0 | D:1      | 0 ||| qw: Melee chars always use a shield: true
     0 | D:1      | 0 ||| qw: God list: Okawaru
     0 | D:1      | 0 ||| qw: Allow faded altars: false
     0 | D:1      | 0 ||| qw: Do Orc after clearing Dungeon:15 true
     0 | D:1      | 0 ||| qw: Do second Lair branch before Depths: true
     0 | D:1      | 0 ||| qw: Lair rune preference: random
     0 | D:1      | 0 ||| qw: Goals: Normal
     0 | D:1      | 0 ||| PLANNING D:1-11
   173 | D:1      | Reached XP level 2. HP: 16/16 MP: 4/4
   182 | D:1      | Reached skill level 6 in Ranged Weapons
   593 | D:1      | 593 ||| UPGRADING to +0 ring mail.
   603 | D:1      | 603 ||| DROPPING +0 leather armour.
   604 | D:1      | 604 ||| UPGRADING to +6 ring of strength.
   605 | D:1      | 605 ||| READING 2 scrolls labelled JUIBLI NYWERRA.
   605 | D:1      | 605 ||| IDENTIFYING glowing golden potion
   606 | D:1      | 606 ||| READING scroll of identify.
   606 | D:1      | 606 ||| IDENTIFYING golden potion
   607 | D:1      | 607 ||| DROPPING scroll of butterflies.
   608 | D:1      | 608 ||| DROPPING potion of attraction.
   609 | D:1      | 609 ||| DROPPING potion of lignification.
   619 | D:2      | Found a basalt altar of Yredelemnul.
   653 | D:2      | Noticed a bombardier beetle
   660 | D:2      | Killed a bombardier beetle
   661 | D:2      | Reached skill level 7 in Ranged Weapons
   661 | D:2      | Reached XP level 3. HP: 14/20 MP: 5/5
   663 | D:2      | HP: 4/20 [burnt (4)]
   664 | D:2      | Incinerated by a bombardier beetle

Levels and vault maps discovered:
D:1:      dpeg_arrival_shelter, layout_loops_cross
D:2:      minmay_spotlight, layout_rooms, basic_altar,
          shapermc_ecumenical_altar_notcrosses, serial_shops,
          nicolae_shop_just_a_little_nook

Skill      XL: |  1  2 |
---------------+-------+-----
Ranged Weapons | 7 |  7.0
Fighting       | |  1.5
Dodging        | |  2.4
Stealth        | |  1.2

Action                     || total
---------------------------++-------
   Fire: Shortbow          ||    31
    Use: Scroll            ||     2
 Armour: Leather armour    ||     1
  Dodge: Dodged            ||     1

Table legend:
 A = Non-vault XP
 B = Vault XP
 C = Vault XP percentage of total XP
 D = Non-vault monster count
 E = Vault monster count
 F = Vault count percentage of total count
                 A         B        C        D         E       F
            +---------+---------+-------+---------+---------+-------
      Total |      66 |       0 |   0.0 |      15 |       0 |   0.0
            +---------+---------+-------+---------+---------+-------
        D:1 |      19 |       0 |   0.0 |      11 |       0 |   0.0
        D:2 |      47 |       0 |   0.0 |       4 |       0 |   0.0
            +---------+---------+-------+---------+---------+-------
